 Dungeon Crawl Stone Soup version 0.28.0-62-gf88900778d (webtiles) character file.

Game seed: 15774318325031762226

366 cbfl8 the Chopper (level 6, 0/56 HPs)
             Began as a Minotaur Berserker on June 27, 2023.
             Was a Believer of Trog.
             Succumbed to a scorpion's poison
             ... on level 4 of the Dungeon.
             The game lasted 00:03:12 (3854 turns).

cbfl8 the Chopper (Minotaur Berserker)              Turns: 3854, Time: 00:03:13

Health: 0/56       AC:  4    Str: 22    XL:     6   Next: 40%
Magic:  5/5        EV: 12    Int:  4    God:    Trog [**....]
Gold:   95         SH:  0    Dex: 11    Spells: 5/5 levels left

rFire   . . .      SeeInvis +   p - +0 war axe
rCold   . . .      Faith    +   (no shield)
rNeg    . . .      Spirit   .   l - +0 troll leather armour {Pargi}
rPois   .          Reflect  .   (helmet restricted)
rElec   .          Harm     .   (no cloak)
rCorr   .          Rampage  .   (no gloves)
Will    .....                   (no boots)
Stlth   +.........              b - amulet of faith
HPRegen 0.98/turn               f - ring of see invisible
MPRegen 0.09/turn               (no ring)

@: lethally poisoned (0 -> -2), on berserk cooldown, slowed, very slow
A: horns 2, retaliatory headbutt
a: Renounce Religion, Berserk, Trog's Hand


You were on level 4 of the Dungeon.
You worshipped Trog.
Trog was pleased with you.
You visited 1 branch of the dungeon, and saw 4 of its levels.
You also visited: Sewer.

You collected 95 gold pieces.

Inventory:

Hand Weapons
 p - a +0 war axe (weapon)
Missiles
 c - a throwing net (quivered)
Armour
 l - a +0 troll leather armour (worn) {Pargi}
 m - a +0 scale mail
Jewellery
 b - an amulet of faith (around neck)
 f - a ring of see invisible (left hand)
Wands
 j - a wand of charming (8)
Scrolls
 k - a scroll of amnesia {unknown}
 o - a scroll of teleportation {unknown}
Potions
 a - a potion of flight {unknown}
 d - a potion of magic {unknown}
 e - a potion of brilliance {unknown}
 g - a potion of mutation {unknown}
 h - a potion of degeneration {unknown}
 i - a potion of attraction {unknown}
 n - a potion of haste
 q - 2 potions of curing {unknown}


   Skills:
 + Level 5.1 Fighting
 + Level 5.7 Axes
 + Level 4.0 Armour
 + Level 3.1 Dodging
 + Level 0.3 Stealth
 * Level 2.3 Evocations


You had 5 spell levels left.
You didn't know any spells.
Your spell library was empty.

Dungeon Overview and Level Annotations

Branches:
Dungeon (4/15)              Sewer (visited)
 Temple: D:4-7

Altars:

Shops:
D:1 (


Innate Abilities, Weirdness & Mutations

You have a pair of horns on your head.
You reflexively headbutt those who attack you in melee.


Message History

The scorpion is moderately wounded.
You feel sick. The scorpion stings you.
You are more poisoned.
The scorpion poisons you! The scorpion barely misses you.
You closely miss the scorpion.
The scorpion is lightly wounded.
You feel very sick. The scorpion stings you.
You are more poisoned.
The scorpion poisons you!
You barely miss the scorpion. Your headbutt misses the scorpion.
The scorpion is lightly wounded.
You feel very sick. The scorpion stings you!
* * * LOW HITPOINT WARNING * * *
The scorpion stings you but does no damage.
A red film seems to cover your vision as you go berserk!
You feel yourself moving faster!
You feel mighty!
* * * LOW HITPOINT WARNING * * *
You feel very sick. The scorpion stings you.
* * * LOW HITPOINT WARNING * * *
You slash the scorpion! You headbutt the scorpion.
You kill the scorpion!
Trog accepts your kill.
* * * LOW HITPOINT WARNING * * *
You feel sick.
Your Armour skill increases to level 4!
* * * LOW HITPOINT WARNING * * *
You feel sick.
You are too berserk!
You feel a strong urge to attack something.
* * * LOW HITPOINT WARNING * * *
You feel sick.
* * * LOW HITPOINT WARNING * * *
You feel sick.
You feel your anger nearly subside.
You are no longer berserk.
You are exhausted.
You feel yourself slow down.
You die...

. .## . . ..#
.. .. #.## ...
... ... .. ....
##.##.##
.....##
#......#
.......###.<.#
#..@?.#..#
####..(......
......#.....
........>.....
##......#......
######........
##...... .....


There were no monsters in sight!

Vanquished Creatures
  Pargi (Sewer)
  A scorpion (D:4)
  Ijyb (D:3)
  9 adders
  7 worms
  2 dart slugs
  2 orcs
  13 bats
  9 endoplasms
  3 giant cockroaches
  2 hobgoblins (D:1)
  3 jackals (D:2)
  4 kobolds
  2 quokkas (D:1)
  11 ball pythons
  3 frilled lizards
  6 goblins
  2 rats (D:1)
81 creatures vanquished.

Vanquished Creatures (collateral kills)
  A hobgoblin (D:3)
1 creature vanquished.

Grand Total: 82 creatures vanquished

Notes
Turn   | Place    | Note
-------+----------+-------------------------------------------
     0 | D:1      | cbfl8 the Minotaur Berserker began the quest for the Orb.
     0 | D:1      | Reached XP level 1. HP: 19/19 MP: 0/0
   122 | D:1      | Reached XP level 2. HP: 24/27 MP: 1/1
   185 | D:1      | Found Gorestro's Antique Weapon Shop.
   992 | D:1      | Reached XP level 3. HP: 33/33 MP: 2/2
  1502 | D:2      | Found a faded altar of an unknown god.
  1791 | D:2      | Reached skill level 1 in Evocations
  1806 | D:2      | Reached XP level 4. HP: 25/41 MP: 3/3
  2535 | D:2      | Reached ** piety under Trog
  2616 | D:3      | Noticed Ijyb
  2626 | D:3      | Killed Ijyb
  2725 | D:3      | Found a glowing drain.
  2755 | Sewer    | Entered a sewer
  3084 | Sewer    | Noticed Pargi
  3092 | Sewer    | Killed Pargi
  3093 | Sewer    | Reached skill level 5 in Axes
  3093 | Sewer    | Reached XP level 5. HP: 47/47 MP: 4/4
  3446 | D:3      | Reached skill level 5 in Fighting
  3446 | D:3      | Reached XP level 6. HP: 56/56 MP: 5/5
  3850 | D:4      | HP: 4/84 [poisoned by a scorpion]
  3854 | D:4      | Succumbed to a scorpion's poison

Illustrated notes

Levels and vault maps discovered:
D:1:      kennysheep_arrival_seaside, layout_loops_ring, serial_shops, shop
D:2:      layout_loops_ring, shapermc_ecumenical_altar_acropolis,
          minmay_bisected
D:3:      layout_basic, cheibrodos_sewer_entry_bend, minmay_snake_closets,
          uniq_ijyb
D:4:      layout_rooms, temple_green, ebering_ghost_sewer_d, solitary_fountain

Skill      XL: |  1  2  3  4  5  6 |
---------------+-------------------+-----
Fighting       | 4 5 |  5.1
Axes           | 4 5 |  5.7
Evocations     | 1 2 |  2.3
Armour         | 3 4 |  4.0
Dodging        | 3 |  3.1
Stealth        | |  0.3

Action                   |  1- 3 |  4- 6 || total
-------------------------+-------+-------++-------
Melee: Hand axe          |    85 |    50 ||   135
       Headbutt          |    13 |    19 ||    32
       War axe           |       |    47 ||    47
       Punch             |       |     1 ||     1
Invok: Berserk           |     1 |     3 ||     4
  Use: Scroll            |     1 |     4 ||     5
 Stab: Sleeping          |       |     1 ||     1
Armor: Animal skin       |     8 |       ||     8
       Ring mail         |    14 |     2 ||    16
       Scale mail        |       |    22 ||    22
       Troll leather arm |       |    13 ||    13
Dodge: Dodged            |    52 |    54 ||   106
